 Dungeon Crawl Stone Soup version 0.23-a0-241-g3b46b076a4 (webtiles) character file.

44626 Napalmbreeze the Tortoise (level 13, -1/119 HPs)
             Began as a Minotaur Fighter on Sept 27, 2018.
             Was a High Priest of Okawaru.
             Slain by a guardian serpent (16 damage)
             ... on level 6 of the Lair of Beasts.
             The game lasted 00:30:52 (17655 turns).

Napalmbreeze the Tortoise (Minotaur Fighter)       Turns: 17655, Time: 00:30:52

Health: -1/119     AC: 22    Str: 28    XL:     13   Next: 97%
Magic:  12/19      EV: 14    Int:  6    God:    Okawaru [*****.]
Gold:   1088       SH:  0    Dex: 11    Spells: 12/12 levels left

rFire    + . .     SeeInvis .   I - +5 battleaxe
rCold    + . .     Gourm    .   (shield currently unavailable)
rNeg     + . .     Faith    +   u - +1 plate armour
rPois    +         Spirit   .   b - -2 hat of the Alchemist {rElec rPois rF+ rC+ rN+ MR+ rMut rCorr}
rElec    +         Reflect  .   (no cloak)
rCorr    +         Harm     .   (no gloves)
rMut     +                      v - +2 pair of boots
MR       +....                  V - amulet of faith
Stlth    ..........             D - +4 ring of strength
HPRegen  0.29/turn              W - ring of attention (curse)
MPRegen  0.16/turn

@: heroism, finesse, slowed, very slow
A: retaliatory headbutt, horns 2
a: Heroism, Finesse, Renounce Religion


You were on level 6 of the Lair of Beasts.
You worshipped Okawaru.
Okawaru was extremely pleased with you.
You were not hungry.

You visited 3 branches of the dungeon, and saw 17 of its levels.
You also visited: Sewer and Ossuary.

You collected 1088 gold pieces.

Inventory:

Hand Weapons
 I - a +5 battleaxe (weapon)
Armour
 b - the -2 hat of the Alchemist (worn) {rElec rPois rF+ rC+ rN+ MR+ rMut rCorr}
   (You found it on level 4 of the Lair of Beasts)

   It protects you from fire.
   It protects you from cold.
   It insulates you from electricity.
   It protects you from poison.
   It protects you from negative energy.
   It affects your resistance to hostile enchantments.
   It provides partial protection from all sources of acid and corrosion.
   It protects you from mutation.
 c - a +0 shield
 l - a +0 leather armour of cold resistance
 u - a +1 plate armour (worn)
 v - a +2 pair of boots (worn)
 R - a +2 buckler of protection
Jewellery
 D - a +4 ring of strength (left hand)
 G - an uncursed amulet of regeneration
 N - an uncursed ring of positive energy
 U - an uncursed ring of see invisible
 V - an amulet of faith (around neck)
 W - a cursed ring of attention (right hand)
Wands
 J - a wand of disintegration (15)
 M - a wand of scattershot (4)
 S - a wand of acid (8)
Scrolls
 a - 3 scrolls of amnesia {unknown}
 n - a scroll of vulnerability {unknown}
 p - 5 scrolls of teleportation
 s - 3 scrolls of blinking {unknown}
 t - a scroll of fear {unknown}
 w - 8 scrolls of identify
 x - 4 scrolls of noise {unknown}
 y - 2 scrolls of immolation {unknown}
 z - 3 scrolls of enchant weapon {unknown}
 A - 2 scrolls of magic mapping
 C - a scroll of remove curse
 L - 3 scrolls of fog
 O - 2 scrolls of acquirement {unknown}
 P - a scroll of torment {unknown}
 Q - a scroll of summoning {unknown}
Potions
 d - 2 potions of might
 e - a potion of resistance {unknown}
 g - 3 potions of lignification {unknown}
 h - 3 potions of brilliance {unknown}
 i - 6 potions of heal wounds {unknown}
 j - 5 potions of curing
 k - 3 potions of flight {unknown}
 m - 3 potions of haste {unknown}
 o - 2 potions of ambrosia {unknown}
 q - 2 potions of agility {unknown}
 r - a potion of cancellation {unknown}
 B - 6 potions of mutation {unknown}
 F - 2 potions of degeneration {unknown}
 K - a potion of magic {unknown}
Comestibles
 f - 33 rations


   Skills:
 + Level 12.9(17.9) Fighting
 * Level 15.0(20.0) Axes
 + Level 15.1(20.1) Armour
 + Level 8.4(13.4) Dodging
 - Level 3.6(8.6) Shields
 - Level 10.0 Invocations


You had 12 spell levels left.
You didn't know any spells.
Your spell library contained the following spells:

 Spells                   Type           Power        Failure   Level  Hunger
 Confusing Touch          Hex            #.....       91%         1    ##.....
 Corona                   Hex            #......      91%         1    ##.....
 Infusion                 Chrm           #...         91%         1    ##.....
 Sting                    Conj/Pois      #...         91%         1    ##.....
 Ensorcelled Hibernation  Hex/Ice        #.....       97%         2    ###....
 Poisonous Vapours        Pois/Air       #.....       97%         2    ###....
 Shroud of Golubria       Chrm/Tloc      #.........   97%         2    ###....
 Song of Slaying          Chrm           #.......     97%         2    ###....
 Confuse                  Hex            #.......     100%        3    ####...
 Conjure Flame            Conj/Fire      #.......     100%        3    ####...
 Dazzling Spray           Conj/Hex       #.....       100%        3    ####...
 Gell's Gravitas          Tloc           #.........   100%        3    ####...
 Mephitic Cloud           Conj/Pois/Air  #.......     100%        3    ####...
 Regeneration             Chrm/Necr      #.........   100%        3    ####...
 Spectral Weapon          Hex/Chrm       #.......     100%        3    ####...
 Tukima's Dance           Hex            #.......     100%        3    ####...
 Olgreb's Toxic Radiance  Pois           #.......     100%        4    #####..
 Petrify                  Tmut/Erth      #.......     100%        4    #####..
 Metabolic Englaciation   Hex/Ice        #.........   100%        5    ######.
 Venom Bolt               Conj/Pois      #.........   100%        5    ######.
 Yara's Violent Unravell  Hex/Tmut       #.........   100%        5    ######.
 Freezing Cloud           Conj/Ice/Air   #.........   100%        6    #######
 Ring of Flames           Chrm/Fire      #.........   100%        7    #######


Dungeon Overview and Level Annotations

Branches:
Dungeon (10/15)            Temple (1/1) D:7            Lair (6/6) D:9
  Swamp (0/4) Lair:3        Snake (0/4) Lair:3        Slime (0/5) Lair:6
    Orc: D:9-12

Altars:
Ashenzari
Cheibriados
Dithmenos
Elyvilon
Fedhas
Gozag
Hepliaklqana
Kikubaaqudgha
Makhleb
Nemelex Xobeh
Okawaru
Qazlal
Ru
Sif Muna
Trog
Uskayaw
Vehumet
Wu Jian
Xom
Yredelemnul
Zin
The Shining One
Jiyva

Shops:
D:5 *

Annotations:
Lair:3 exclusion: 2 oklob plants


Innate Abilities, Weirdness & Mutations

You reflexively headbutt those who attack you in melee.
You have a pair of horns on your head.


Message History

You headbutt the black mamba!
The black mamba bites you but does no damage. x2
The black mamba barely misses you. The guardian serpent barely misses you.
The black mamba bites you but does no damage. x3
The black mamba bites you.
You gain the combat prowess of a mighty hero.
The black mamba misses you. The black mamba closely misses you.
The black mamba bites you. The guardian serpent misses you.
The black mamba barely misses you.
The black mamba bites you but does no damage. x2
The black mamba barely misses you. The guardian serpent hits you!
* * * LOW HITPOINT WARNING * * *
The black mamba bites you!
* * * LOW HITPOINT WARNING * * *
The black mamba bites you but does no damage.
The black mamba bites you!
* * * LOW HITPOINT WARNING * * *
The black mamba bites you but does no damage.
The guardian serpent hits you!
You die...

............##...#....#...##.†...
...#.#..P....##..##..##..##..†.PP
....#.#P......##..#..#([##......P
..P.###P###....##.####.##.....###
##### ###.###...########....###.P
##P# $..###..##..##.).###....
.P.# .$...####....#.###....P.
..P# !(....SSS..P.###........
...## $:...sS@S..P.###........
....# ?$...####....#.###......
...##### $..###..##.......###...P
.....#.##.###....####..#....###..
...###.P###....#..####.##.....###
.......P....†.##..#..#).##......P
........P....##..##..##..##....PP
.......)....##.†.#....#...##...P.
...........##...##....##...##..P.


You could see a guardian serpent, 4 black mambas and a redback.

Vanquished Creatures
  A fire dragon (Lair:6)
  4 hydras
  A catoblepas (Lair:6)
  3 death yaks (D:9)
  Urug (Lair:1)
  Nergalle (Lair:1)
  A swamp dragon (Lair:6)
  2 wolf spiders (Lair:6)
  An ugly thing (D:10)
  6 elephants (Lair:4)
  7 black mambas
  A torpor snail (Lair:6)
  The ghost of grizmgrazm2 the Ducker, a novice MfMo (D:4)
  18 spiny frogs
  A rime drake (Lair:6)
  11 komodo dragons
  A troll (D:9)
  4 polar bears
  4 hornets
  5 hippogriffs
  8 blink frogs
  3 spriggans (Lair:2)
  35 yaks
  7 wyverns
  3 basilisks
  A hungry ghost (D:9)
  2 steam dragons (Lair:6)
  Menkaure (D:7)
  2 nagas (Lair:3)
  Edmund (D:5)
  A swamp worm (Lair:3)
  A soldier ant (D:8)
  3 acid dragons (Lair:6)
  24 water moccasins
  6 porcupines
  3 ice beasts
  2 orc warriors
  2 sky beasts
  A swamp drake (Lair:6)
  2 phantoms
  An eye of draining (D:10)
  2 centaurs
  3 ogres
  8 wolves
  9 crocodiles
  A big kobold (Sewer)
  20 bullfrogs
  3 scorpions
  11 killer bees
  3 wights (D:7)
  3 howler monkeys
  3 bullfrog zombies
  5 crimson imps
  4 jellies
  A centaur skeleton (D:5)
  4 centaur zombies
  15 orc priests
  7 hounds
  A human zombie (Ossuary)
  Jessica (D:2)
  4 iguanas
  3 orc wizards
  7 hell rats (Lair:1)
  5 worker ants
  2 big kobold zombies (Ossuary)
  3 mummies
  2 hound skeletons
  3 worker ant zombies
  3 river rats
  14 adders
  3 shadow imps
  2 oozes
  An adder zombie (Ossuary)
  4 adder skeletons
  7 worms
  A dart slug (D:1)
  6 leopard geckos
  27 orcs
  2 ball pythons
  3 giant cockroaches
  5 goblins
  4 hobgoblins
  18 jackals
  2 quokkas
  9 bats
  5 frilled lizards
  2 goblin zombies (Ossuary)
  7 hobgoblin zombies (Ossuary)
  A jackal skeleton (D:4)
  10 kobolds
  13 kobold zombies (Ossuary)
  A leopard gecko skeleton (D:7)
  5 orc zombies (Ossuary)
  11 rats
  3 rat zombies (Ossuary)
  4 fungi
  14 plants
503 creatures vanquished.

Vanquished Creatures (others)
  A worm (D:4)
  5 fungi (Lair:6)
  14 plants
20 creatures vanquished.

Grand Total: 523 creatures vanquished

Notes
Turn   | Place    | Note
-------+----------+-------------------------------------------
     0 | D:1      | Napalmbreeze the Minotaur Fighter began the quest for the
                  | Orb.
     0 | D:1      | Reached XP level 1. HP: 19/19 MP: 0/0
    63 | D:1      | Reached XP level 2. HP: 21/27 MP: 1/1
   370 | D:1      | Reached skill level 1 in Dodging
   515 | D:2      | Reached XP level 3. HP: 31/33 MP: 2/2
   921 | D:2      | Found an iron altar of Okawaru.
   936 | D:2      | Found a snail-covered altar of Cheibriados.
  1037 | D:2      | Noticed Jessica
  1042 | D:2      | Killed Jessica
  1042 | D:2      | Reached XP level 4. HP: 40/40 MP: 3/3
  1147 | D:2      | Found an opulent altar of Gozag.
  1252 | D:2      | Found a faded altar of an unknown god.
  2458 | D:4      | Reached XP level 5. HP: 46/47 MP: 4/4
  2543 | D:4      | Found a glowing drain.
  2551 | Sewer    | Entered a sewer
  2635 | Sewer    | Reached skill level 5 in Fighting
  2635 | Sewer    | Reached skill level 5 in Armour
  2635 | Sewer    | Reached XP level 6. HP: 53/56 MP: 5/5
  2696 | D:4      | Found a sand-covered staircase.
  2705 | Ossuary  | Entered an ossuary
  2917 | Ossuary  | Reached skill level 5 in Axes
  3076 | D:4      | Reached XP level 7. HP: 49/61 MP: 6/6
  3187 | D:4      | Found a stormy altar of Qazlal.
  3300 | D:4      | Found a shadowy altar of Dithmenos.
  3328 | D:4      | Found a transporter.
  3334 | D:4      | Noticed grizmgrazm2's ghost (novice MfMo)
  3337 | D:4      | Found a transporter.
  3378 | D:4      | Killed grizmgrazm2's ghost
  3674 | D:5      | Entered Level 5 of the Dungeon
  3697 | D:5      | Reached XP level 8. HP: 69/71 MP: 7/7
  3735 | D:5      | Found a hazy altar of Hepliaklqana.
  3786 | D:5      | Noticed Edmund
  3798 | D:5      | Killed Edmund
  4092 | D:5      | Found Eycsatod's Eclectic Emporium.
  4314 | D:6      | Found a sacrificial altar of Ru.
  4391 | D:6      | Found a burning altar of Makhleb.
  5202 | D:7      | Reached skill level 10 in Armour
  5229 | D:7      | Reached XP level 9. HP: 66/81 MP: 8/8
  5392 | D:7      | Noticed Menkaure
  5401 | D:7      | Killed Menkaure
  5729 | D:7      | Found a staircase to the Ecumenical Temple.
  5873 | Temple   | Entered the Ecumenical Temple
  6219 | D:2      | Became a worshipper of Warmaster Okawaru
  6358 | D:7      | Found a shattered altar of Ashenzari.
  6832 | D:8      | Found a sparkling altar of Nemelex Xobeh.
  6877 | D:8      | Paralysed by a hornet for 2 turns
  6881 | D:8      | Paralysed by a hornet for 2 turns
  6884 | D:8      | Reached * piety under Okawaru
  6887 | D:8      | Paralysed by a hornet for 1 turns
  6892 | D:8      | Reached XP level 10. HP: 19/91 MP: 2/9
  7648 | D:9      | Reached ** piety under Okawaru
  8246 | D:9      | Reached skill level 10 in Fighting
  8267 | D:9      | Found an ancient bone altar of Kikubaaqudgha.
  8350 | D:9      | Reached skill level 10 in Axes
  8398 | D:9      | Noticed a death yak
  8415 | D:9      | Killed a death yak
  8415 | D:9      | Reached *** piety under Okawaru
  8631 | D:9      | Noticed a death yak
  8632 | D:9      | Noticed a death yak
  8654 | D:9      | Killed a death yak
  8654 | D:9      | Reached **** piety under Okawaru
  8663 | D:9      | Killed a death yak
  8663 | D:9      | Reached XP level 11. HP: 41/101 MP: 3/10
  8903 | D:9      | Found a staircase to the Lair.
  9205 | D:10     | Entered Level 10 of the Dungeon
  9232 | D:10     | Noticed an eight-headed hydra
  9259 | D:10     | Killed a 13-headed hydra
  9731 | D:10     | Noticed a green ugly thing
  9738 | D:10     | Killed a green ugly thing
  9756 | D:10     | Reached ***** piety under Okawaru
 10245 | Lair:1   | Entered Level 1 of the Lair of Beasts
 10269 | Lair:1   | Noticed Nergalle
 10280 | Lair:1   | Killed Nergalle
 10280 | Lair:1   | Reached skill level 5 in Dodging
 10780 | Lair:1   | Noticed Urug
 10795 | Lair:1   | Killed Urug
 11030 | Lair:2   | Received a gift from Okawaru
 11554 | Lair:2   | Reached XP level 12. HP: 102/111 MP: 11/11
 12873 | Lair:3   | Found a staircase to the Snake Pit.
 13520 | Lair:3   | Found a staircase to the Swamp.
 13753 | Lair:4   | Found a shadowy altar of Dithmenos.
 13822 | Lair:4   | Found the -2 hat of the Alchemist {rElec rPois rF+ rC+ rN+
                  | MR+ rMut rCorr}
 13977 | Lair:4   | Reached ****** piety under Okawaru
 14052 | Lair:4   | Reached skill level 1 in Invocations
 14058 | Lair:4   | Received a gift from Okawaru
 14589 | Lair:5   | Reached XP level 13. HP: 115/119 MP: 15/15
 14785 | Lair:5   | Reached skill level 5 in Invocations
 15211 | Lair:6   | Entered Level 6 of the Lair of Beasts
 15982 | Lair:6   | Received a gift from Okawaru
 16271 | Lair:6   | Reached skill level 10 in Invocations
 16670 | Lair:6   | Noticed a fire dragon
 16712 | Lair:6   | Killed a fire dragon
 16731 | Lair:6   | Reached skill level 15 in Armour
 16830 | Lair:6   | Found a staircase to the Slime Pits.
 16830 | Lair:6   | Found a viscous altar of Jiyva.
 17050 | Lair:6   | Reached skill level 15 in Axes
 17655 | Lair:6   | Slain by a guardian serpent

Vault maps used:
D:1:      saegor_arrival_simple_e, minivault_27
D:2:      nicolae_gozag_seed_capital, lemuel_doored_altar, lemuel_crystal_altar,
          chequers_ecumenical_altar_lobes, uniq_jessica
D:3:      first_ration
D:4:      kennysheep_little_box, nicolae_overflow_crystal_walls,
          gammafunk_ghost_mausoleum, lightli_sewer_entry_pipes,
          gup_ossuary_entry_pyramid
D:5:      overflow_temple_1_default, nicolae_alphabet_shops,
          minmay_misc_feat_plants, uniq_edmund
D:6:      kennysheep_mini, lightli_temple_of_fire
D:7:      lemuel_coloured_pillars_altar, minmay_temple_entry_statues,
          uniq_menkaure
D:8:      kennysheep_mini_moat, hangedman_pestilent_swarm
D:9:      nicolae_overflow_hidden_temple, dpeg_lair_monsters
Temple:   minmay_temple_curvy_loop
Lair:1:   minivault_19, kennysheep_abandoned_house, infiniplex_staircase_pool,
          uniq_urug, uniq_nergalle
Lair:2:   nicolae_quartered_pool_medium, wad_woods_02
Lair:3:   wad_woods_04, minmay_swamp_entry_worms, guppyfry_snake_entry_garden,
          serial_bayou_shore_b, minmay_lair_oklob_chamber, lemuel_fruit_tree
Lair:4:   basic_altar, serial_bayou_shore_b, grunt_megastairs_3
Lair:5:   grunt_megastairs_5
Lair:6:   hangedman_lair_tendril_chambers, guppyfry_lair_end_dragon,
          slime_altar_1
Sewer:    kennysheep_pipe_town
Ossuary:  ossuary_tomb_1

Skill      XL: |  1  2  3  4  5  6  7  8  9 10 11 12 13 |
---------------+----------------------------------------+-----
Axes           | 3 4 5 6 7 9 11 13 14 15 | 15.0
Dodging        | 1 2 4 6 7 8 |  8.4
Armour         | 4 5 6 8 10 12 13 14 15 | 15.1
Fighting       | 4 5 6 7 9 10 11 12 | 12.9
Invocations    | 4 10 | 10.0
Shields        | |  3.6

Action                   |  1- 3 |  4- 6 |  7- 9 | 10-12 | 13-15 || total
-------------------------+-------+-------+-------+-------+-------++-------
Melee: War axe           |    60 |   184 |   173 |       |       ||   417
       Headbutt          |     7 |    36 |    52 |   117 |    57 ||   269
       Battleaxe         |       |       |   102 |   512 |   253 ||   867
Invok: Heroism           |       |       |       |     4 |     7 ||    11
       Finesse           |       |       |       |       |     6 ||     6
Evoke: Wand              |       |       |       |     2 |       ||     2
  Use: Scroll            |       |     6 |     2 |     1 |       ||     9
       Potion            |       |       |     3 |     1 |     2 ||     6
  Eat: Chunk             |       |     6 |    10 |    15 |     3 ||    34
       Ration            |       |       |     1 |     4 |     2 ||     7
Armor: Scale mail        |    48 |    32 |       |       |       ||    80
       Plate armour      |       |   125 |   187 |   410 |   179 ||   901
Dodge: Dodged            |    39 |   101 |   114 |   292 |   185 ||   731

Table legend:
 A = Non-vault XP
 B = Vault XP
 C = Vault XP percentage of total XP
 D = Non-vault monster count
 E = Vault monster count
 F = Vault count percentage of total count
                 A         B        C        D         E       F
            +---------+---------+-------+---------+---------+-------
      Total |   37775 |   25977 |  40.7 |     328 |     158 |  32.5
            +---------+---------+-------+---------+---------+-------
        D:1 |      36 |       0 |   0.0 |      18 |       0 |   0.0
        D:2 |      64 |      37 |  36.6 |      17 |       1 |   5.6
        D:3 |      48 |       0 |   0.0 |      18 |       0 |   0.0
        D:4 |     304 |     542 |  64.1 |       8 |      15 |  65.2
        D:5 |     429 |     162 |  27.4 |      12 |       1 |   7.7
        D:6 |     586 |       0 |   0.0 |      22 |       0 |   0.0
        D:7 |    1597 |     172 |   9.7 |      41 |       1 |   2.4
        D:8 |    1047 |     732 |  41.1 |      20 |       4 |  16.7
        D:9 |    2236 |    3453 |  60.7 |      32 |       7 |  17.9
       D:10 |    3298 |       0 |   0.0 |      25 |       0 |   0.0
     Lair:1 |     558 |    2275 |  80.3 |       4 |      15 |  78.9
     Lair:2 |    4260 |     912 |  17.6 |      21 |       4 |  16.0
     Lair:3 |    4450 |    1369 |  23.5 |      20 |       6 |  23.1
     Lair:4 |    2597 |    3646 |  58.4 |      14 |       8 |  36.4
     Lair:5 |    5114 |     463 |   8.3 |      26 |       2 |   7.1
     Lair:6 |   11151 |   11839 |  51.5 |      30 |      43 |  58.9
      Sewer |       0 |     123 | 100.0 |       0 |      13 | 100.0
    Ossuary |       0 |     252 | 100.0 |       0 |      38 | 100.0
            +---------+---------+-------+---------+---------+-------
